 Dungeon Crawl Stone Soup version 0.18-a0-1747-g18c4181 (webtiles) character file.

69 dobroeutro the Shield-Bearer (level 4, 0/29 HPs)
             Began as a Gargoyle Fighter on Apr 12, 2016.
             Slain by Sigmund
             ... wielding a +0 scythe
              (3 damage)
             ... on level 2 of the Dungeon.
             The game lasted 00:02:25 (1081 turns).

dobroeutro the Shield-Bearer (Gargoyle Fighter)     Turns: 1081, Time: 00:02:27

Health: 0/29       AC: 10    Str: 21    XL:     4   Next: 20%
Magic:  4/4        EV:  7    Int:  8    God:
Gold:   83         SH:  9    Dex:  9    Spells: 0 memorised, 3 levels left

rFire  . . .     SeeInvis .     a - +0 flail
rCold  . . .     Gourm    .     b - +0 scale mail
rNeg   + . .     Faith    .     c - +0 shield
rPois  ∞         Spirit   .     (no helmet)
rElec  +         Dismiss  .     (no cloak)
rCorr  .         Reflect  .     (no gloves)
SustAt .         Harm     .     (no boots)
MR     .....                    (no amulet)
Stlth  ..........               (no ring)
                                (no ring)

@: not resistant to hostile enchantments, extremely unstealthy
A: negative energy resistance 1, electricity resistance, unbreathing,
petrification resistance, rot immunity, AC +3
a: no special abilities


You were on level 2 of the Dungeon.
You were very hungry.

You visited 1 branch of the dungeon, and saw 2 of its levels.

You collected 83 gold pieces.

Inventory:

Hand Weapons
 a - a +0 flail (weapon)
Armour
 b - a +0 scale mail (worn)
 c - a +0 shield (worn)
Scrolls
 e - 2 scrolls of identify {unknown}
 i - a scroll of fog {unknown}
 m - a scroll of enchant weapon {unknown}
 n - a scroll of amnesia {unknown}
Potions
 d - a potion of might
 g - a potion of agility {unknown}
 j - 2 potions of magic {unknown}
 l - a potion of haste {unknown}
 o - a potion of flight {unknown}
 p - a potion of lignification {unknown}
Comestibles
 f - 3 bread rations
 k - 2 meat rations


   Skills:
 + Level 3.8 Fighting
 + Level 2.5 Maces & Flails
 + Level 3.7 Armour
 - Level 0.1 Dodging
 + Level 4.2 Shields


You had 3 spell levels left.
You didn't know any spells.

Dungeon Overview and Level Annotations

Branches:
Dungeon (2/15)

Altars:
Dithmenos

Annotations:
D:2 Sigmund


Innate Abilities, Weirdness & Mutations

You are resistant to torment.
Your stone body is resilient (AC +3).
You are immune to poison.
You resist negative energy.
You are resistant to electric shocks.
You can survive without breathing.
You are immune to petrification.
You are immune to rotting.


Message History

You miss something. Something hits you!
* * * LOW HITPOINT WARNING * * *
Your shield and scale mail prevent you from hitting something.
Something hits you but does no damage.
You miss something. Something hits you but does no damage.
You closely miss something.
You hear some strange, mumbled words.
Something tries to affect you, but you resist.
You barely miss something. Something hits you but does no damage.
You closely miss something. Something hits you but does no damage.
Your shield and scale mail prevent you from hitting something.
You block something's attack.
You barely miss something. Something hits you but does no damage.
You miss something. Something hits you but does no damage.
You sock something! You miss something.
You hear some strange, mumbled words.
A magic dart appears from out of thin air!
The magic dart hits you! Something hits you.
You die...

..##. #.....#..##
..##$ #.####....#
#.##@ #.# #....#
#.##. #.# #.....
#.##. #.# #.....
#.##.#####.# #.....
.#### #.#......#.#
#.....
......##.###......#
#...(#
#....<.÷@{.##.###
##'#..
....###########.#
#.#.# . ..# #...#
#..# ######## #...
........ #.##
######## #. ....
#### #.


There were no monsters in sight!

Vanquished Creatures
  An adder (D:2)
  2 dart slugs
  2 giant geckos
  A ball python (D:1)
  7 goblins
  2 hobgoblins (D:1)
  17 jackals
  3 bats (D:1)
  2 giant newts
  3 kobolds
  8 rats
48 creatures vanquished.

Notes
Turn   | Place    | Note
--------------------------------------------------------------
     0 | D:1      | dobroeutro the Gargoyle Fighter began the quest for the Orb.
     0 | D:1      | Reached XP level 1. HP: 14/14 MP: 1/1
    83 | D:1      | Reached XP level 2. HP: 9/19 MP: 2/2
   243 | D:1      | Reached XP level 3. HP: 9/23 MP: 3/3
   606 | D:1      | Reached skill level 4 in Shields
   668 | D:2      | Reached XP level 4. HP: 13/29 MP: 4/4
   675 | D:2      | Found a shadowy altar of Dithmenos.
   866 | D:2      | Noticed Sigmund
  1081 | D:2      | Slain by Sigmund

Vault maps used:
D:1:      onia_arrival_mini_spirals, kennysheep_doodads
D:2:      lemuel_blue_sif_altar, overflow_temple_1_default,
          grunt_temple_overflow_open, serial_glass, glass_columns_b,
          glass_columns_b, uniq_natasha, uniq_sigmund, uniq_robin

Skill      XL: |  1  2  3 |
---------------+----------+-----
Shields        | 4 |  4.2
Fighting       | |  3.8
Maces & Flails | |  2.5
Armour         | |  3.7
Dodging        | |  0.1

Action                   |  1- 3 |  4- 6 || total
-------------------------+-------+-------++-------
Melee: Flail             |   143 |    50 ||   193
Armor: Scale mail        |   129 |    35 ||   164
Dodge: Dodged            |    77 |    15 ||    92
Block: Shield            |   118 |    18 ||   136
